 Dungeon Crawl Stone Soup version 0.27.1-37-g7b29ead8ac (webtiles) character file.

Game seed: 15537570865966635078

305 cbfl8 the Covered (level 6, -10/55 HPs)
             Began as a Minotaur Fighter on May 24, 2023.
             Killed from afar by a steam dragon (14 damage)
             ... with a ball of steam
             ... on level 4 of the Dungeon.
             The game lasted 00:03:11 (3890 turns).

cbfl8 the Covered (Minotaur Fighter)                Turns: 3890, Time: 00:03:11

Health: -10/55     AC: 14    Str: 21    XL:     6   Next: 16%
Magic:  5/5        EV:  6    Int:  5    God:
Gold:   127        SH:  9    Dex: 11    Spells: 5/5 levels left

rFire    . . .     SeeInvis .   a - +0 war axe
rCold    . . .     Faith    .   c - +0 kite shield
rNeg     . . .     Spirit   .   r - +1 chain mail
rPois    .         Reflect  .   (helmet restricted)
rElec    .         Harm     .   (no cloak)
rCorr    .         Rampage  .   (no gloves)
Will     .....                  (no boots)
Stlth    ..........             (no amulet)
HPRegen  0.18/turn              s - +4 ring of slaying
MPRegen  0.09/turn              k - +4 ring of protection

@: no status effects
A: horns 2, retaliatory headbutt
a: no special abilities


You were on level 4 of the Dungeon.
You visited 1 branch of the dungeon, and saw 4 of its levels.

You collected 127 gold pieces.

Inventory:

Hand Weapons
 a - a +0 war axe (weapon)
Armour
 c - a +0 kite shield (worn)
 r - a +1 chain mail (worn)
Jewellery
 j - a ring of ice
 k - a +4 ring of protection (right hand)
 m - a ring of see invisible
 s - a +4 ring of slaying (left hand)
Wands
 p - a wand of iceblast (9)
 t - a wand of flame (17)
Scrolls
 b - a scroll of teleportation {unknown}
 e - a scroll of torment {unknown}
 g - a scroll of identify {unknown}
 i - 2 scrolls of enchant weapon {unknown}
 o - 4 scrolls of enchant armour
 q - a scroll of summoning {unknown}
Potions
 d - a potion of might
 f - a potion of brilliance {unknown}
 h - a potion of curing {unknown}
 l - a potion of berserk rage {unknown}
 n - 2 potions of cancellation {unknown}


   Skills:
 + Level 4.9 Fighting
 + Level 4.3 Axes
 + Level 5.2 Armour
 + Level 1.1 Dodging
 + Level 0.3 Stealth
 + Level 4.3 Shields
 * Level 1.8 Evocations


You had 5 spell levels left.
You didn't know any spells.
Your spell library contained the following spells:

 Spells                   Type           Power      Damage    Failure   Level
 Conjure Flame            Conj/Fire      0%         6-21      100%        3
 Ignite Poison            Fire/Tmut/Pois 0%         N/A       100%        3
 Sticky Flame             Conj/Fire      0%         2d3       100%        4


Dungeon Overview and Level Annotations

Branches:
Dungeon (4/15)
 Temple: D:4-7

Altars:
Ru
Sif Muna

Shops:
D:2 :


Innate Abilities, Weirdness & Mutations

You have a pair of horns on your head.
You reflexively headbutt those who attack you in melee.


Message History

There is a stone staircase leading up here.
A steam dragon comes into view.
The steam dragon hisses angrily.
Found 2 scrolls labelled NUECIS ORAU.
A steam dragon is nearby!
A steam dragon is nearby!
The steam dragon breathes steam at you. The ball of steam hits you!
You're standing in a cloud of steam!
You barely miss the steam dragon. Your headbutt misses the steam dragon.
You are engulfed in a cloud of scalding steam.
You block the steam dragon's attack.
The steam dragon claws you but does no damage.
The steam dragon bites you but does no damage.
You block the steam dragon's attack.
You're standing in a cloud of steam!
Your chain mail prevents you from hitting the steam dragon.
You are engulfed in a cloud of scalding steam.
You block the steam dragon's attack. x2
You're standing in a cloud of steam!
You barely miss the steam dragon.
You are engulfed in a cloud of scalding steam.
The steam dragon breathes steam at you. The ball of steam hits you!
You block the steam dragon's attack. The steam dragon barely misses you.
You're standing in a cloud of steam!
You are too injured to fight recklessly!
You slash the steam dragon!
The steam dragon is heavily wounded.
You are engulfed in a cloud of scalding steam.
* * * LOW HITPOINT WARNING * * *
You block the steam dragon's attack. x2
You are engulfed in a cloud of scalding steam.
* * * LOW HITPOINT WARNING * * *
The steam dragon barely misses you. x2
You closely miss the steam dragon. Your headbutt misses the steam dragon.
The steam dragon is heavily wounded.
The steam dragon breathes steam at you. The ball of steam hits you!
You die...

## ######### .####.....
#.......# ..........
#.......# .######.#
#.......# .#......#
#.......# .#......#
#...D...# .#......#
#..@§§..# .#......##
#..?....# .........#
######§### .#.......#
#......# .######..#
###.##.#####.# .# #..#
#.#........# .# #..#
#.#..#######
.######..######.#..#
.#..............#..######


You could see a steam dragon (catching breath).

Vanquished Creatures
  Sigmund (D:2)
  A bullfrog skeleton (D:4)
  A gnoll (D:1)
  4 adders
  An ufetubus (D:3)
  An adder skeleton (D:4)
  A worm (D:3)
  2 dart slugs
  4 orcs (D:3)
  5 endoplasms
  2 giant cockroaches (D:3)
  6 goblins
  4 hobgoblins
  4 jackals (D:3)
  4 kobolds
  A quokka (D:3)
  5 ball pythons
  5 bats
  3 frilled lizards (D:2)
  8 rats
63 creatures vanquished.

Notes
Turn   | Place    | Note
-------+----------+-------------------------------------------
     0 | D:1      | cbfl8 the Minotaur Fighter began the quest for the Orb.
     0 | D:1      | Reached XP level 1. HP: 19/19 MP: 0/0
   376 | D:1      | Found a faded altar of an unknown god.
   478 | D:1      | Reached XP level 2. HP: 27/27 MP: 1/1
  1006 | D:1      | Reached skill level 4 in Armour
  1454 | D:1      | Reached XP level 3. HP: 30/34 MP: 2/2
  1639 | D:1      | Found a sacrificial altar of Ru.
  2218 | D:2      | Noticed Sigmund
  2231 | D:3      | Reached XP level 4. HP: 21/41 MP: 3/3
  2672 | D:2      | Found Cogixt's Book Boutique.
  2690 | D:2      | Killed Sigmund
  2691 | D:2      | Reached skill level 1 in Evocations
  2691 | D:2      | Reached XP level 5. HP: 33/47 MP: 4/4
  2884 | D:3      | Reached skill level 1 in Dodging
  3214 | D:3      | Found a shimmering blue altar of Sif Muna.
  3542 | D:3      | Reached XP level 6. HP: 55/55 MP: 5/5
  3837 | D:4      | Reached skill level 5 in Armour
  3881 | D:4      | Noticed a steam dragon
  3890 | D:4      | Killed from afar by a steam dragon

Illustrated notes

Levels and vault maps discovered:
D:1:      sevenhm_arrival_forest_fort_small_6, layout_basic,
          basic_ecumenical_altar, glass_columns_b
D:2:      layout_loops_cross, serial_shops, nicolae_shop_crystal,
          corexii_corridor_pit, uniq_sigmund
D:3:      layout_loops_cross, mainiacjoe_overflow_tiny_flanked,
          kennysheep_generic_room_14
D:4:      layout_basic, uniq_duvessa

Skill      XL: |  1  2  3  4  5  6 |
---------------+-------------------+-----
Fighting       | 4 |  4.9
Armour         | 4 5 |  5.2
Shields        | 4 |  4.3
Axes           | 4 |  4.3
Evocations     | 1 |  1.8
Dodging        | 1 |  1.1
Stealth        | |  0.3

Action                   |  1- 3 |  4- 6 || total
-------------------------+-------+-------++-------
Melee: War axe           |    79 |    72 ||   151
       Headbutt          |    10 |    12 ||    22
  Use: Scroll            |       |     1 ||     1
Armor: Scale mail        |    38 |     4 ||    42
       Chain mail        |       |    40 ||    40
Dodge: Dodged            |    21 |    25 ||    46
Block: Kite shield       |    37 |    48 ||    85
